AoeStats
← LuckyFox

Arabia

509101710Analyzed
4v4 RM · 7d ago on Sep 25, 2026· 37m 1s· 8 players
Game mode
Random Map
Map size
Large (8 player)
Population
200
Speed
Normal
Resources
Standard
Victory
Conquest
Starting age
Dark Age
Ending age
Imperial Age
RankedLock teamsTeams togetherTeam positionsShared explorationLock speedFull tech treeHidden civsTurbo modeCheats
Victory
Defeat
🇧🇷 Inca · Brazil
771
+14
🇨🇳 Berbers · China
763
+14
🇹🇼 Gurjaras · Taiwan
756
+14
🇨🇳 Bohemians · China
675
+18
🇩🇪 Portuguese · Germany
763
-17
🇨🇳 Ethiopians · China
730
-15
🇷🇺 Britons · Russia
719
-15
🇬🇧 Sicilians · United Kingdom
669
-13
BOOSON 8
11:41 Loom
16:47 Feudal Age
15:21 Loom
Armes Würstchen
18:38 Loom
ksffvbh
0:27 Loom
18:57 Feudal Age
20:36 Wheelbarrow
20:37 Double-Bit Axe
20:35 Horse Collar
20:49 Stone Mining
20:52 Gold Mining
23:41 Castle Age
24:51 Hand Cart
25:08 Town Watch
26:08 Town Patrol
27:08 Town Patrol
27:32 Bow Saw
28:15 Caravan
30:11 Heavy Plow
LuckyFox
6:18 Loom
11:46 Feudal Age
13:21 Double-Bit Axe
16:46 Horse Collar
20:09 Castle Age
20:35 Fletching
20:32 Crossbowman
23:16 Squires
23:47 Bow Saw
25:00 Wheelbarrow
27:21 Bodkin Arrow
28:09 Hand Cart
27:45 Town Watch
29:09 Ballistics
33:43 Pikeman
37:54 Imperial Age
你媽
4:21 Loom
Yur1Janu4r10
19:44 Feudal Age
20:34 Stone Mining
20:32 Double-Bit Axe
25:37 Castle Age
29:12 Scale Mail Armor
29:22 Forging
34:52 Chain Mail Armor
35:13 Iron Casting
37:08 Town Watch
Blues
11:30 Feudal Age
18:03 Horse Collar
18:15 Double-Bit Axe
19:03 Gold Mining
19:04 Stone Mining
25:39 Castle Age
25:19 Scale Barding Armor
25:27 Forging
26:27 Bloodlines
26:47 Husbandry
34:04 Wheelbarrow
35:13 Hand Cart
冷冷的风
12:13 Feudal Age
13:28 Wheelbarrow
12:36 Horse Collar
13:51 Double-Bit Axe
20:24 Castle Age
21:53 Hand Cart
21:53 Bow Saw
21:45 Heavy Plow
27:33 Loom
35:02 Imperial Age
32:39 Town Watch
33:39 Ballistics
34:19 Chemistry
33:37 Masonry
34:12 Wagenburg Tactics
36:11 Houfnice
Connection lost

Rejoining the realm…

Still unreachable

The connection could not be restored.

Session expired

The server has moved on; the page needs a fresh start.